 Dungeon Crawl Stone Soup version 0.31-a0-198-g2ad674f65e (webtiles) character file.

Game seed: 6232864952065361986

87 qw the Shooter (level 4, 0/25 HPs)
             Began as a Deep Elf Hunter on June 25, 2023.
             Slain by a goblin
             ... wielding a +0 club
             ... led by Robin
              (5 damage)
             ... on level 3 of the Dungeon.
             The game lasted 00:00:29 (1005 turns).

qw the Shooter (Deep Elf Hunter)                    Turns: 1005, Time: 00:00:29

Health: 0/25       AC:  5    Str: 10    XL:     4   Next: 28%
Magic:  6/6        EV: 11    Int: 14    God:
Gold:   81         SH:  0    Dex: 18    Spells: 3/3 levels left

rFire   . . .        Y - +0 shortbow
rCold   . . .        (shield currently unavailable)
rNeg    . . .        f - +0 ring mail
rPois   .            (no helmet)
rElec   .            (no cloak)
rCorr   .            (no gloves)
SInv    .            (no boots)
Will    .....        (no amulet)
Stlth   +            (no ring)
HPRegen 0.24/turn    (no ring)
MPRegen 0.10/turn

%: no passive effects
@: no status effects
A: no striking features
a: no special abilities


You were on level 3 of the Dungeon.
You visited 1 branch of the dungeon, and saw 3 of its levels.

You collected 81 gold pieces.


   Skills:
 - Level 1.5 Fighting
 + Level 7.7 Ranged Weapons
 - Level 2.4 Dodging
 - Level 1.2 Stealth


You had 3 spell levels left.
You didn't know any spells.
Your spell library was empty.

Inventory:

Hand Weapons
 Y - a +0 shortbow (weapon)
Armour
 f - a +0 ring mail (worn)
Jewellery
 g - a ring of fire
Scrolls
 a - a scroll of identify {unknown}
 b - a scroll of teleportation
 d - a scroll of acquirement {unknown}
Potions
 c - a potion of invisibility {unknown}
 e - a potion of lignification {unknown}

Dungeon Overview and Level Annotations

Branches:
Dungeon (3/15)

Altars:
Nemelex Xobeh

Annotations:
D:2 1 runed translucent door, Crazy Yiuf
D:3 Robin


Message History

The arrow hits the worm.
The worm is almost dead.
A goblin comes into view. It is wielding a +0 club.
The goblin closely misses you.
The hobgoblin hits you but does no damage.
The worm bites you but does no damage.
A goblin comes into view. It is wielding a +0 club.
The goblin completely misses you. The hobgoblin closely misses you.
You shoot an arrow. The goblin shouts!
The arrow hits the worm!
You kill the worm!
The hobgoblin hits you but does no damage.
The goblin barely misses you. The goblin closely misses you.
You shoot an arrow. The arrow barely misses the goblin.
The goblin misses you.
The goblin unwields a +0 dagger.
The goblin wields a +0 sling.
The goblin shoots a sling bullet.
The sling bullet hits you.
A goblin comes into view. It is wielding a +0 club.
The goblin closely misses you.
Robin of the Strong Arm comes into view.
They are wielding a +0 mace.
You shoot an arrow. The arrow hits the goblin!
You kill the goblin!
The hobgoblin hits you but does no damage.
Robin throws the goblin at you! The goblin hits you with a +0 club.
You shoot an arrow. The arrow barely misses the hobgoblin.
The hobgoblin hits you.
The hobgoblin hits you but does no damage.
The goblin hits you with a +0 club. The goblin closely misses you.
You shoot an arrow.
The arrow hits the hobgoblin but does no damage.
The hobgoblin closely misses you. The goblin hits you but does no damage.
The hobgoblin hits you but does no damage.
You shoot an arrow. The arrow hits the hobgoblin.
The hobgoblin is severely wounded.
The hobgoblin hits you.
Robin roars a battlecry!
The goblins go into a battle-frenzy!
The goblin barely misses you. The goblin hits you with a +0 club.
You die...

.###........<.......
....................
>........###########
..(..... .
#####.#..############
.
.....................
...
##........#########
.....+gg...#..........
.....gg@.#####.....###
.....ggg...........#
.....gg#...#.......#
.......#.......#.###
....#.##.#.#...#.#
..g#.. #.......#.#
...... #.........
...#.. ......#### ..
####


You could see Robin, 3 hobgoblins and 6 goblins.

Vanquished Creatures
  Jessica (D:3)
  An adder (D:2)
  2 worms
  A dart slug (D:3)
  4 bats
  An endoplasm (D:1)
  A giant cockroach (D:1)
  5 goblins
  6 hobgoblins
  4 quokkas
  2 ball pythons
  5 frilled lizards
  6 kobolds
  3 rats
42 creatures vanquished.

Notes
Turn   | Place    | Note
-------+----------+-------------------------------------------
     0 | D:1      | qw the Deep Elf Hunter began the quest for the Orb.
     0 | D:1      | Reached XP level 1. HP: 12/12 MP: 3/3
     0 | D:1      | 0 ||| qw: Version: 0.3-a-22-g0ed2b0b
     0 | D:1      | 0 ||| qw: Game counter: 5061
     0 | D:1      | 0 ||| qw: Melee chars always use a shield: true
     0 | D:1      | 0 ||| qw: God list: Okawaru
     0 | D:1      | 0 ||| qw: Allow faded altars: false
     0 | D:1      | 0 ||| qw: Do Orc after clearing Dungeon:15 true
     0 | D:1      | 0 ||| qw: Do second Lair branch before Depths: true
     0 | D:1      | 0 ||| qw: Lair rune preference: random
     0 | D:1      | 0 ||| qw: Goals: Normal
     0 | D:1      | 0 ||| PLANNING D:1-11
   127 | D:1      | Reached skill level 6 in Ranged Weapons
   127 | D:1      | Reached XP level 2. HP: 16/16 MP: 4/4
   405 | D:1      | 405 ||| UPGRADING to +0 ring mail.
   415 | D:1      | 415 ||| DROPPING +0 leather armour.
   416 | D:1      | 416 ||| READING scroll labelled TEGHOA YSIWKADGH.
   417 | D:1      | 417 ||| READING scroll labelled NACLAR CORRIOMM.
   421 | D:1      | 421 ||| DROPPING scroll of butterflies.
   428 | D:2      | Found a faded altar of an unknown god.
   430 | D:2      | Found a sparkling altar of Nemelex Xobeh.
   439 | D:2      | Reached XP level 3. HP: 20/20 MP: 5/5
   459 | D:2      | Identified the +5 dagger of Frustration {heavy, rPois rC-
                  | Str-2 Int+8}
   561 | D:2      | Reached skill level 7 in Ranged Weapons
   726 | D:2      | Found a runed translucent door.
   727 | D:2      | Noticed Crazy Yiuf
   876 | D:2      | 876 ||| READING scroll labelled HAUGHOATAWN.
   877 | D:2      | 877 ||| READING scroll labelled TEMOWA YTIUL.
   981 | D:3      | Noticed Jessica
   987 | D:3      | Killed Jessica
   988 | D:3      | Reached XP level 4. HP: 24/25 MP: 6/6
  1001 | D:3      | Noticed Robin
  1005 | D:3      | HP: 5/25 [hobgoblin[Robin] (3)]
  1005 | D:3      | Slain by a goblin

Levels and vault maps discovered:
D:1:      lemuel_arrival_hallway, layout_basic
D:2:      layout_rooms, basic_altar, ebering_ecumenical_altar_abandoned,
          uniq_crazy_yiuf_cottage
D:3:      wad_crossroads, layout_basic, hangedman_decor_lopped,
          chequers_decorated_corner, uniq_jessica, uniq_robin

Skill      XL: |  1  2  3 |
---------------+----------+-----
Ranged Weapons | 6 7 |  7.7
Fighting       | |  1.5
Dodging        | |  2.4
Stealth        | |  1.2

Action                     |  1- 3 |  4- 6 || total
---------------------------+-------+-------++-------
   Fire: Shortbow          |    96 |    18 ||   114
    Use: Scroll            |     4 |       ||     4
 Armour: Leather armour    |     3 |       ||     3
         Ring mail         |     8 |    14 ||    22
  Dodge: Dodged            |     9 |    24 ||    33

Table legend:
 A = Non-vault XP
 B = Vault XP
 C = Vault XP percentage of total XP
 D = Non-vault monster count
 E = Vault monster count
 F = Vault count percentage of total count
                 A         B        C        D         E       F
            +---------+---------+-------+---------+---------+-------
      Total |      84 |      41 |  32.8 |      39 |       3 |   7.1
            +---------+---------+-------+---------+---------+-------
        D:1 |      33 |       0 |   0.0 |      20 |       0 |   0.0
        D:2 |      40 |       0 |   0.0 |      16 |       0 |   0.0
        D:3 |      11 |      41 |  78.8 |       3 |       3 |  50.0
            +---------+---------+-------+---------+---------+-------
